| TOP OF THE 1ST |
|
Jacksonville Suns batting - Pitching for Savannah Indians : LHP Dennis Rasmussen
|
|
Pitching: LHP Dennis Rasmussen
|
|
|
Batting: RHB Lyle Brackenridge
|
0-0: Ball 1-0: Ball 2-0: Ball 3-0: Called Strike 3-1: Base on Balls
|
|
Batting: SHB Rafael Landestoy
|
0-0: Called Strike 0-1: Swinging Strike 0-2: Ball 1-2: Ball 2-2: Fly out, F4 (Line Drive, 4, EV 68.8 MPH)
|
|
Batting: LHB Andy Carlton
|
0-0: Ball 1-0: Ball 2-0: Ball 3-0: Called Strike 3-1: Foul Ball, location: 2F 3-2: 2-RUN HOME RUN (Flyball, 9D, EV 98.8 MPH), Distance : 364 ft
|
|
Batting: RHB Edward Packard
|
0-0: Ball 1-0: Ball 2-0: Ball 3-0: Base on Balls
|
|
Batting: LHB Pete M O'Brien
|
0-0: Ball 1-0: Ball 2-0: Swinging Strike 2-1: Ball 3-1: Called Strike 3-2: Foul Ball, location: 2F 3-2: Fly out, F9 (Flyball, 9, EV 82.5 MPH)
|
|
Batting: LHB Donald Elliott
|
0-0: Ball 1-0: Fly out, F7 (Flyball, 7S, EV 86.9 MPH)
|
| Top of the 1st over - 2 runs, 1 hit, 0 errors, 1 left on base; Jacksonville 2 - Savannah 0 |
| BOTTOM OF THE 1ST |
|
Savannah Indians batting - Pitching for Jacksonville Suns : RHP Allan Ramirez
|
|
Pitching: RHP Allan Ramirez
|
|
|
Batting: RHB Angel Salazar
|
0-0: Called Strike 0-1: Fly out, F3 (Flyball, 34D, EV 86.3 MPH)
|
|
Batting: LHB Felix Agapay
|
0-0: Ball 1-0: Called Strike 1-1: Foul Ball, location: 2F 1-2: Ball 2-2: Fly out, F8 (Flyball, 8LS, EV 81.9 MPH)
|
|
Batting: RHB Jim Paciorek
|
0-0: Ball 1-0: Ball 2-0: Ball 3-0: Called Strike 3-1: Base on Balls
|
|
Batting: RHB Wade Rowdon
|
0-0: Ball 1-0: Called Strike 1-1: Ball 2-1: Foul Ball, location: 2F 2-2: Foul Ball, location: 2F 2-2: Ball 3-2: Reached on error, E6 (Groundball, 6, EV 88.1 MPH) Jim Paciorek to second
|
|
Batting: RHB Ramiro Gutierrez
|
0-0: Ball 1-0: Ball 2-0: Swinging Strike 2-1: Foul Ball, location: 2F 2-2: Ball 3-2: Base on Balls Jim Paciorek to third Wade Rowdon to second
|
|
Batting: LHB Roberto Hernandez
|
0-0: Called Strike 0-1: Ball 1-1: Foul Ball, location: 2F 1-2: Ball 2-2: Foul Ball, location: 2F 2-2: Ball 3-2: Base on Balls Jim Paciorek scores Wade Rowdon to third Ramiro Gutierrez to second
|
|
Batting: RHB Eddie Vargas
|
0-0: Called Strike 0-1: Ball 1-1: Swinging Strike 1-2: GRAND SLAM HOME RUN (Flyball, 7D, EV 94.4 MPH), Distance : 358 ft
|
|
Batting: RHB Mario Diaz
|
0-0: Ball 1-0: Fly out, F9 (Flyball, 9D, EV 108.1 MPH)
|
| Bottom of the 1st over - 5 runs, 1 hit, 1 error, 0 left on base; Jacksonville 2 - Savannah 5 |
| TOP OF THE 2ND |
|
Jacksonville Suns batting - Pitching for Savannah Indians : LHP Dennis Rasmussen
|
|
Batting: LHB Michael Kelly
|
0-0: Swinging Strike 0-1: Called Strike 0-2: Ball 1-2: Strikes out swinging
|
|
Batting: SHB Joe Morales
|
0-0: SINGLE (Line Drive, 56D, EV 103.1 MPH)
|
|
Batting: RHB Henry Powell
|
0-0: Ball 1-0: Called Strike 1-1: Foul Ball, location: 2F 1-2: Strikes out swinging
|
|
Batting: RHB Lyle Brackenridge
|
0-0: Ball 1-0: Called Strike 1-1: Called Strike 1-2: SINGLE (Groundball, 3D, EV 96.9 MPH) Joe Morales to second Runner from 2nd tries for 3rd, SAFE, no throw by RF
|
|
Batting: SHB Rafael Landestoy
|
0-0: Ball 1-0: Ball 2-0: Called Strike 2-1: Foul Ball, location: 2F 2-2: Foul Ball, location: 2F 2-2: Foul Ball, location: 2F 2-2: Strikes out looking
|
| Top of the 2nd over - 0 runs, 2 hits, 0 errors, 2 left on base; Jacksonville 2 - Savannah 5 |
| BOTTOM OF THE 2ND |
|
Savannah Indians batting - Pitching for Jacksonville Suns : RHP Allan Ramirez
|
|
Batting: RHB T.J. Johnson
|
0-0: Ground out 4-3 (Groundball, 4, EV 86.9 MPH)
|
|
Batting: RHB Angel Salazar
|
0-0: Fly out, F8 (Flyball, 8LS, EV 92.5 MPH)
|
|
Batting: LHB Felix Agapay
|
0-0: Ball 1-0: Called Strike 1-1: Ball 2-1: Fly out, F8 (Line Drive, 8LM, EV 91.3 MPH)
|
| Bottom of the 2nd over - 0 runs, 0 hits, 0 errors, 0 left on base; Jacksonville 2 - Savannah 5 |
| TOP OF THE 3RD |
|
Jacksonville Suns batting - Pitching for Savannah Indians : LHP Dennis Rasmussen
|
|
Batting: LHB Andy Carlton
|
0-0: Foul Ball, location: 2F 0-1: Ground out 4-3 (Groundball, 13, EV 78.8 MPH)
|
|
Batting: RHB Edward Packard
|
0-0: Ball 1-0: Foul Ball, location: 2F 1-1: Called Strike 1-2: Ball 2-2: Ground out 5-3 (Groundball, 56, EV 104.4 MPH)
|
|
Batting: LHB Pete M O'Brien
|
0-0: Called Strike 0-1: Ball 1-1: Ball 2-1: Ball 3-1: Fly out, F7 (Flyball, 7LM, EV 98.8 MPH)
|
| Top of the 3rd over - 0 runs, 0 hits, 0 errors, 0 left on base; Jacksonville 2 - Savannah 5 |
| BOTTOM OF THE 3RD |
|
Savannah Indians batting - Pitching for Jacksonville Suns : RHP Allan Ramirez
|
|
Batting: RHB Jim Paciorek
|
0-0: Called Strike 0-1: Foul Ball, location: 2F 0-2: Ball 1-2: Fly out, F7 (Flyball, 7, EV 82.5 MPH)
|
|
Batting: RHB Wade Rowdon
|
0-0: Ball 1-0: Ball 2-0: Ball 3-0: Called Strike 3-1: Fly out, F3 (Popup, 34S, EV 70.6 MPH)
|
|
Batting: RHB Ramiro Gutierrez
|
0-0: Ground out 6-3 (Groundball, 6, EV 90.6 MPH)
|
| Bottom of the 3rd over - 0 runs, 0 hits, 0 errors, 0 left on base; Jacksonville 2 - Savannah 5 |
| TOP OF THE 4TH |
|
Jacksonville Suns batting - Pitching for Savannah Indians : LHP Dennis Rasmussen
|
|
Batting: LHB Donald Elliott
|
0-0: Foul Ball, location: 2F 0-1: Fly out, F8 (Line Drive, 8LM, EV 103.1 MPH)
|
|
Batting: LHB Michael Kelly
|
0-0: Ball 1-0: Called Strike 1-1: SINGLE (Groundball, 34D, EV 105.6 MPH)
|
|
Batting: SHB Joe Morales
|
0-0: Foul Ball, location: 2F 0-1: Ball 1-1: Ball 2-1: SINGLE (Groundball, 56D, EV 105.6 MPH) Michael Kelly to second
|
|
Batting: RHB Henry Powell
|
0-0: Called Strike 0-1: Ball 1-1: Ball 2-1: Swinging Strike 2-2: Strikes out swinging
|
|
Batting: RHB Lyle Brackenridge
|
0-0: Called Strike 0-1: Ball 1-1: SINGLE (Line Drive, 9LS, EV 105.0 MPH) Michael Kelly to third Joe Morales to second Runner from 3rd tries for Home, SAFE, throw by RF to home
|
|
Batting: SHB Rafael Landestoy
|
0-0: Ball 1-0: Called Strike 1-1: Swinging Strike 1-2: Foul Ball, location: 2F 1-2: Foul Ball, location: 2F 1-2: Ball 2-2: Strikes out looking
|
| Top of the 4th over - 1 run, 3 hits, 0 errors, 2 left on base; Jacksonville 3 - Savannah 5 |
| BOTTOM OF THE 4TH |
|
Savannah Indians batting - Pitching for Jacksonville Suns : RHP Allan Ramirez
|
|
Batting: LHB Roberto Hernandez
|
0-0: Swinging Strike 0-1: Ball 1-1: Called Strike 1-2: Ball 2-2: Ball 3-2: Fly out, F8 (Flyball, 78XD, EV 105.6 MPH)
|
|
Batting: RHB Eddie Vargas
|
0-0: Ball 1-0: Ground out 6-3 (Groundball, 6, EV 91.9 MPH)
|
|
Batting: RHB Mario Diaz
|
0-0: SINGLE (Groundball, 25, EV 66.3 MPH) (infield hit)
|
|
Batting: RHB T.J. Johnson
|
0-0: Called Strike 0-1: Ball 1-1: Called Strike 1-2: Fly out, F8 (Flyball, 8LD, EV 105.6 MPH)
|
| Bottom of the 4th over - 0 runs, 1 hit, 0 errors, 1 left on base; Jacksonville 3 - Savannah 5 |
| TOP OF THE 5TH |
|
Jacksonville Suns batting - Pitching for Savannah Indians : LHP Dennis Rasmussen
|
|
Batting: LHB Andy Carlton
|
0-0: Swinging Strike 0-1: Fly out, F8 (Line Drive, 8RD, EV 103.8 MPH)
|
|
Batting: RHB Edward Packard
|
0-0: Called Strike 0-1: Ball 1-1: Foul Ball, location: 2F 1-2: Ball 2-2: Ball 3-2: Strikes out swinging
|
|
Batting: LHB Pete M O'Brien
|
0-0: Called Strike 0-1: Fly out, F9 (Flyball, 9D, EV 101.3 MPH)
|
| Top of the 5th over - 0 runs, 0 hits, 0 errors, 0 left on base; Jacksonville 3 - Savannah 5 |
| BOTTOM OF THE 5TH |
|
Savannah Indians batting - Pitching for Jacksonville Suns : RHP Allan Ramirez
|
|
Batting: RHB Angel Salazar
|
0-0: Ground out 3-1 (Groundball, 23, EV 82.5 MPH)
|
|
Batting: LHB Felix Agapay
|
0-0: Ground out 3-1 (Groundball, 34S, EV 90.6 MPH)
|
|
Batting: RHB Jim Paciorek
|
0-0: Foul Ball, location: 2F 0-1: Foul Ball, location: 2F 0-2: Ball 1-2: Ball 2-2: Ground out U3 (Groundball, 34, EV 86.9 MPH)
|
| Bottom of the 5th over - 0 runs, 0 hits, 0 errors, 0 left on base; Jacksonville 3 - Savannah 5 |
| TOP OF THE 6TH |
|
Jacksonville Suns batting - Pitching for Savannah Indians : LHP Dennis Rasmussen
|
|
Batting: LHB Donald Elliott
|
0-0: Ball 1-0: Called Strike 1-1: Ground out 4-3 (Groundball, 4, EV 106.9 MPH)
|
|
Batting: LHB Michael Kelly
|
0-0: Called Strike 0-1: Ball 1-1: Fly out, F9 (Flyball, 8RS, EV 77.5 MPH)
|
|
Batting: SHB Joe Morales
|
0-0: Foul Ball, location: 2F 0-1: Swinging Strike 0-2: Ball 1-2: Foul Ball, location: 2F 1-2: Foul Ball, location: 2F 1-2: Ball 2-2: Ball 3-2: Foul Ball, location: 2F 3-2: Base on Balls
|
|
Batting: RHB Henry Powell
|
0-0: Fielders Choice at 2nd, 6-4 (Groundball, 6, EV 90.0 MPH)
|
| Top of the 6th over - 0 runs, 0 hits, 0 errors, 1 left on base; Jacksonville 3 - Savannah 5 |
| BOTTOM OF THE 6TH |
|
Savannah Indians batting - Pitching for Jacksonville Suns : RHP Allan Ramirez
|
|
Batting: RHB Wade Rowdon
|
0-0: Ground out 6-3 (Groundball, P, EV 88.8 MPH)
|
|
Batting: RHB Ramiro Gutierrez
|
0-0: SINGLE (Line Drive, 56, EV 98.8 MPH)
|
|
Batting: LHB Roberto Hernandez
|
0-0: Called Strike 0-1: Ball 1-1: Called Strike 1-2: Fly out, F5 (Popup, 56, EV 73.1 MPH)
|
|
Batting: RHB Eddie Vargas
|
Pickoff Throw to First - Out! 1-3
|
| Bottom of the 6th over - 0 runs, 1 hit, 0 errors, 0 left on base; Jacksonville 3 - Savannah 5 |
| TOP OF THE 7TH |
|
Jacksonville Suns batting - Pitching for Savannah Indians : LHP Dennis Rasmussen
|
|
Batting: RHB Lyle Brackenridge
|
0-0: Called Strike 0-1: Ball 1-1: Foul Ball, location: 2F 1-2: Ball 2-2: Foul Ball, location: 2F 2-2: Fly out, F8 (Line Drive, 8RM, EV 88.1 MPH)
|
|
Batting: SHB Rafael Landestoy
|
0-0: Ball 1-0: Called Strike 1-1: Ball 2-1: Swinging Strike 2-2: Strikes out looking
|
|
Batting: LHB Andy Carlton
|
0-0: Called Strike 0-1: Ball 1-1: Ground out 6-3 (Groundball, 6M, EV 97.5 MPH)
|
| Top of the 7th over - 0 runs, 0 hits, 0 errors, 0 left on base; Jacksonville 3 - Savannah 5 |
| BOTTOM OF THE 7TH |
|
Savannah Indians batting - Pitching for Jacksonville Suns : RHP Allan Ramirez
|
|
Batting: RHB Eddie Vargas
|
0-0: SINGLE (Line Drive, 89M, EV 103.1 MPH)
|
|
Batting: RHB Mario Diaz
|
0-0: Ball 1-0: Ball Eddie Vargas steals 2nd base 2-0: Intentional Walk
|
|
Batting: RHB T.J. Johnson
|
0-0: Ball Wild Pitch! Eddie Vargas to third Mario Diaz to second 1-0: Called Strike 1-1: Fly out, F8 (Flyball, 8LS, EV 78.1 MPH)
|
|
Batting: RHB Angel Salazar
|
0-0: SINGLE (Line Drive, 34D, EV 109.4 MPH) Eddie Vargas scores Mario Diaz to third
|
|
Batting: LHB Felix Agapay
|
0-0: Called Strike 0-1: Ball Angel Salazar steals 2nd base 1-1: Foul Ball, location: 2F 1-2: Ground out 4-3 (Groundball, 4, EV 102.5 MPH)
|
|
Batting: RHB Jim Paciorek
|
0-0: Swinging Strike 0-1: Foul Ball, location: 2F 0-2: Ball 1-2: Ball 2-2: Fly out, F7 (Flyball, 78M, EV 91.9 MPH)
|
| Bottom of the 7th over - 1 run, 2 hits, 0 errors, 2 left on base; Jacksonville 3 - Savannah 6 |
| TOP OF THE 8TH |
|
Jacksonville Suns batting - Pitching for Savannah Indians : LHP Dennis Rasmussen
|
|
Batting: RHB Edward Packard
|
0-0: Ball 1-0: Ball 2-0: Ground out U3 (Groundball, 3, EV 95.6 MPH)
|
|
Batting: LHB Pete M O'Brien
|
0-0: Ball 1-0: SOLO HOME RUN (Flyball, 89XD, EV 100.0 MPH), Distance : 413 ft
|
|
Batting: LHB Donald Elliott
|
0-0: Called Strike 0-1: Ball 1-1: Fly out, F9 (Flyball, 9, EV 98.8 MPH)
|
|
Batting: LHB Michael Kelly
|
0-0: Swinging Strike 0-1: Swinging Strike 0-2: Strikes out swinging
|
| Top of the 8th over - 1 run, 1 hit, 0 errors, 0 left on base; Jacksonville 4 - Savannah 6 |
| BOTTOM OF THE 8TH |
|
Savannah Indians batting - Pitching for Jacksonville Suns : RHP Allan Ramirez
|
|
Pitching: RHP Rick A Anderson
|
|
|
Batting: RHB Wade Rowdon
|
0-0: Ball 1-0: Called Strike 1-1: Swinging Strike 1-2: Ball 2-2: DOUBLE (Flyball, 8LXD, EV 101.9 MPH)
|
|
Batting: RHB Ramiro Gutierrez
|
0-0: Called Strike 0-1: Fly out, F8 (Line Drive, 8RM, EV 86.3 MPH)
|
|
Batting: LHB Roberto Hernandez
|
0-0: Ball 1-0: Foul Ball, location: 2F 1-1: Ball 2-1: Ball 3-1: Fly out, F8 (Flyball, 89D, EV 90.0 MPH) Runner from 2nd tags up, SAFE at 3rd, no throw by CF
|
|
Batting: RHB Eddie Vargas
|
0-0: Called Strike 0-1: Foul Ball, location: 2F 0-2: Ball 1-2: Foul Ball, location: 2F 1-2: Strikes out swinging
|
| Bottom of the 8th over - 0 runs, 1 hit, 0 errors, 1 left on base; Jacksonville 4 - Savannah 6 |
| TOP OF THE 9TH |
|
Jacksonville Suns batting - Pitching for Savannah Indians : LHP Dennis Rasmussen
|
|
Pitching: RHP Joel Willett
|
|
|
Batting: SHB Joe Morales
|
0-0: Ball 1-0: Called Strike 1-1: Swinging Strike 1-2: Ground out 4-3 (Groundball, 4, EV 85.6 MPH)
|
|
Batting: RHB Henry Powell
|
0-0: Swinging Strike 0-1: Ball 1-1: Foul Ball, location: 2F 1-2: Ball 2-2: Foul Ball, location: 2F 2-2: Ball 3-2: DOUBLE (Flyball, 89XD, EV 95.6 MPH)
|
|
Batting: RHB Lyle Brackenridge
|
0-0: Ground out 4-3 (Groundball, 4M, EV 80.6 MPH) Henry Powell to third
|
|
Batting: SHB Rafael Landestoy
|
0-0: Foul Ball, location: 2F 0-1: TRIPLE (Line Drive, 78XD, EV 99.4 MPH) Henry Powell scores
|
|
Batting: LHB Andy Carlton
|
0-0: Ball 1-0: Swinging Strike 1-1: Foul Ball, location: 2F 1-2: Ball 2-2: Strikes out swinging
|
| Top of the 9th over - 1 run, 2 hits, 0 errors, 1 left on base; Jacksonville 5 - Savannah 6 |
|